AoeStats
← Kaiser Ze

Arabia

509064524Analyzed
1v1 RM · 7d ago on Sep 25, 2026· 28m 0s· 2 players
Game mode
Random Map
Map size
Tiny (2 player)
Population
200
Speed
Normal
Resources
Standard
Victory
Conquest
Starting age
Dark Age
Ending age
Imperial Age
RankedLock teamsTeams togetherTeam positionsShared explorationLock speedFull tech treeHidden civsTurbo modeCheats
Victory
Defeat
🇹🇼 Magyars · Taiwan
1241
+16
🇨🇳 Varangians · China
1240
-16
Kaiser Ze
6:32 Loom
10:23 Feudal Age
12:35 Bloodlines
21:41 Horse Collar
21:50 Double-Bit Axe
24:18 Castle Age
23:09 Scale Barding Armor
23:17 Forging
25:06 Husbandry
25:52 Chain Barding Armor
27:04 Light Cavalry
裝甲不要煩啦
6:34 Loom
8:56 Feudal Age
9:45 Double-Bit Axe
15:52 Horse Collar
19:27 Wheelbarrow
22:16 Castle Age
21:31 Scale Barding Armor
22:18 Bloodlines
22:59 Husbandry
23:20 Chain Barding Armor
23:01 Gold Mining
24:28 Husbandry
Connection lost

Rejoining the realm…

Still unreachable

The connection could not be restored.

Session expired

The server has moved on; the page needs a fresh start.